 Dungeon Crawl Stone Soup version 0.14-a0-1403-g5d3c58f (webtiles) character file.

89 July the Magician (level 3, 0/16 HPs)
             Began as a Spriggan Enchanter on Dec 10, 2013.
             Succumbed to a centaur's poison
             ... on Level 3 of the Dungeon.
             The game lasted 00:06:16 (1545 turns).

July the Magician (Spriggan Enchanter)              Turns: 1545, Time: 00:06:17

HP   0/16        AC  3     Str  5      XL: 3   Next:  0%
MP  12/12        EV 18     Int 19      God:
Gold 61          SH  0     Dex 16      Spells:  2 memorised,  7 levels left

rFire  . . .     SeeInvis +     a - +1 dagger
rCold  . . .     Clarity  .     b - +1 robe
rNeg   . . .     Conserve .     (shield restricted)
rPois  .         rCorr    .     (helmet restricted)
rElec  .         rRot     .     (no cloak)
SustAb . .       Spirit   .     (gloves unavailable)
rMut   .         Warding  .     (boots unavailable)
Saprov . . .     Stasis   .     (no amulet)
                                i - ring of flight
                                h - +3 ring of intelligence

@: mildly poisoned, very quick, slightly resistant to hostile enchantments,
stealthy
A: unfitting armour, see invisible, herbivore 3, speed 3, slow metabolism 2
a: Evoke Flight


You were on level 3 of the Dungeon.
You were not hungry.

You visited 1 branch of the dungeon, and saw 3 of its levels.

You collected 61 gold pieces.

Inventory:

Hand weapons
 a - a +1,+1 dagger (weapon)
 u - a +1,+3 orcish dagger
Missiles
 d - 12 darts (quivered)
Armour
 b - a +1 robe (worn)
 g - a +0 robe
 j - a +0 robe
Comestibles
 q - a bread ration
Scrolls
 f - 4 scrolls of remove curse {unknown}
 k - a scroll of identify {unknown}
 m - 3 scrolls of teleportation {unknown}
 p - a scroll of immolation {unknown}
 r - a scroll of random uselessness {unknown}
 s - a scroll of enchant weapon II {unknown}
 t - a scroll of magic mapping {unknown}
Jewellery
 h - a +3 ring of intelligence (left hand)
 i - a ring of flight (right hand)
Potions
 e - a potion of porridge
 l - 2 potions of magic {unknown}
 n - a potion of curing {unknown}
 o - a potion of heal wounds {unknown}
Books
 c - a book of Maledictions

   Spells                             Type                      Level
   *Corona                            Hexes                        1
   Sure Blade                         Hexes/Charms                 2
   *Ensorcelled Hibernation           Hexes/Ice                    2
   Confuse                            Hexes                        3
   Enslavement                        Hexes                        4
   Invisibility                       Hexes                        6


   Skills:
 - Level 1.1 Short Blades
 - Level 1.1 Throwing
 - Level 3.0 Dodging
 - Level 3.2 Stealth
 * Level 4.3 Spellcasting
 - Level 3.6 Hexes


You had 7 spell levels left.
You knew the following spells:

 Your Spells              Type           Power        Failure   Level  Hunger
m - Corona                Hex            ###....      3%          1    None
s - Ensorcelled Hibernat  Hex/Ice        ##....       12%         2    #......


Dungeon Overview and Level Annotations

Branches:
Dungeon (3/16)

Altars:
Nemelex Xobeh


Innate Abilities, Weirdness & Mutations

You are tiny and cannot use many weapons and most armour.
You have supernaturally acute eyesight.
You are a herbivore.
You cover ground extremely quickly.
You need consume almost no food.


Message History

You see here an orcish dagger.
u - an orcish dagger
Found 2 scrolls labeled MNONIN ORALEIDGH.
You now have 61 gold pieces (gained 18).
Cast which spell? (? or * to list)
Okay, then.
A centaur comes into view.
You see here 2 scrolls labeled MNONIN ORALEIDGH.
You enter the shallow water.
Moving in this stuff is going to be slow.
A centaur comes into view.
You see here 2 scrolls labeled MNONIN ORALEIDGH.
f - 4 scrolls labeled MNONIN ORALEIDGH (gained 2)
The centaur shouts!
The centaur wields a bow.
The centaur shoots a poisoned arrow.
The poisoned arrow hits you!
You are poisoned.
Ouch! That really hurt!
* * * LOW HITPOINT WARNING * * *
You die...

.#.#........#.##..#..##
.....................#
.....................##.
............#.##..#......
.#.##................##.#
.......#..#....#..##.# #
...............#..# .#
..........#....#..# .#
##.##..##.#....#@.##.##.#
##.##..# #.#.##.........
#......##.#.#.##.........
#...............(........
.......≈≈≈≈≈≈≈≈≈≈≈≈≈.####
.####..≈≈≈≈≈≈≈≈≈≈≈≈≈.# g#
..≈≈≈≈≈≈≈≈≈≈≈≈≈##
.####..≈≈≈≈≈≈≈≈≈≈≈≈≈#
w.w....≈≈≈≈≈≈≈c≈≈≈≈≈#


There were no monsters in sight!

Vanquished Creatures
  2 oozes
  A ball python (D:1)
  5 giant cockroaches
  4 goblins
  2 hobgoblins (D:1)
  A kobold (D:1)
  A quokka (D:3)
  2 bats (D:1)
  A giant newt (D:1)
  6 rats
25 creatures vanquished.

Notes
Turn   | Place    | Note
--------------------------------------------------------------
     0 | D:1      | July, the Spriggan Enchanter, began the quest for the Orb.
     0 | D:1      | Reached XP level 1. HP: 9/9 MP: 4/4
   215 | D:1      | Reached XP level 2. HP: 13/13 MP: 8/8
   219 | D:1      | Learned a level 2 spell: Ensorcelled Hibernation
   836 | D:2      | Reached skill level 4 in Spellcasting
  1146 | D:2      | Found a sparkling altar of Nemelex Xobeh.
  1524 | D:3      | Reached XP level 3. HP: 11/16 MP: 12/12
  1539 | D:3      | Noticed a centaur
  1540 | D:3      | Noticed a centaur
  1545 | D:3      | Succumbed to a centaur's poison

Action                   || total
-------------------------++-------
Melee: Dagger            ||    98
 Stab: Sleeping          ||     7
